 Dungeon Crawl Stone Soup version 0.32-a0-876-gcfddb08e57 (webtiles) character file.

Game seed: 2649507399018950242

7154 Biggs the Skirmisher (level 11, -13/79 HPs)
             Began as a Coglin Hunter on Apr 1, 2024.
             Was a Believer of Okawaru.
             Mangled by a wyvern (15 damage)
             ... on level 1 of the Lair of Beasts.
             The game lasted 00:15:43 (9216 turns).

Biggs the Skirmisher (Coglin Hunter)                Turns: 9216, Time: 00:15:44

Health: -13/79     AC:  8    Str: 11    XL:     11   Next: 10%
Magic:  11/11      EV: 15    Int: 10    God:    Okawaru [**....]
Gold:   576        SH:  0    Dex: 21    Spells: 10/10 levels left

rFire   . . .        a - +2 sling {Ana}
rCold   . . .        d - +0 sling {Eadburga}
rNeg    . . .        C - +0 steam dragon scales
rPois   .            g - +0 helmet
rElec   .            h - +0 cloak
rCorr   .            (no gloves)
SInv    .            H - +0 pair of boots
Will    .....        (amulet unavailable)
Stlth   ++           (ring unavailable)
HPRegen 0.33/turn    (ring unavailable)
MPRegen 0.12/turn    (no gizmo)

%: no passive effects
@: studying Shields, revved
A: off-hand wielding, slow wielding, warmup strikes, no jewellery
a: Invent Gizmo, Renounce Religion, Heroism


You were on level 1 of the Lair of Beasts.
You worshipped Okawaru.
Okawaru was pleased with you.
You visited 3 branches of the dungeon, and saw 13 of its levels.

You collected 576 gold pieces.

Inventory:

Hand Weapons
 a - a +2 sling (weapon) {Ana}
 d - a +0 sling (offhand) {Eadburga}
Armour
 g - a +0 helmet (worn)
 h - a +0 cloak (worn)
 w - +0 pearl dragon scales
 C - +0 steam dragon scales (worn)
 H - a +0 pair of boots (worn)
Wands
 p - a wand of roots (11)
 r - a wand of acid (2)
 s - a wand of flame (43)
 B - a wand of charming (10)
Scrolls
 b - a scroll of butterflies
 c - 2 scrolls of revelation
 e - 2 scrolls of teleportation
 f - a scroll of vulnerability
 k - 2 scrolls of noise
 l - 2 scrolls of torment
 m - 2 scrolls of summoning
 o - a scroll of fear {unknown}
 v - 3 scrolls of enchant armour {unknown}
 y - 2 scrolls of immolation {unknown}
 A - 2 scrolls of fog {unknown}
 E - 3 scrolls of blinking {unknown}
Potions
 i - a potion of heal wounds {unknown}
 j - 2 potions of curing
 n - 2 potions of brilliance {unknown}
 q - 3 potions of magic {unknown}
 t - 3 potions of attraction {unknown}
 u - 4 potions of haste {unknown}
 x - 2 potions of lignification {unknown}
 z - 2 potions of might {unknown}
 D - a potion of enlightenment {unknown}
 G - a potion of mutation {unknown}


   Skills:
 - Level 5.0 Fighting
 + Level 13.0 Ranged Weapons
 - Level 5.5 Dodging
 - Level 0.7 Stealth
 - Level 8.0 Evocations


You had 10 spell levels left.
You didn't know any spells.
Your spell library contained the following spells:

 Spells                   Type           Power      Damage    Failure   Level
 Sandblast                Erth           0%         2d4       36%         1
 Jinxbite                 Hex            0%         N/A       50%         2
 Stone Arrow              Conj/Erth      0%         3d7       75%         3
 Brom's Barrelling Bould  Conj/Erth      0%         2d3       98%         4
 Yara's Violent Unravell  Hex/Alch       0%         3d3       100%        5
 Enfeeble                 Hex            0%         N/A       100%        7


Dungeon Overview and Level Annotations

Branches:
Dungeon (11/15)            Temple (1/1) D:7            Lair (1/5) D:8
    Orc: D:9-12

Altars:
Ashenzari
Cheibriados
Dithmenos
Elyvilon
Fedhas
Gozag
Hepliaklqana
Kikubaaqudgha
Makhleb
Nemelex Xobeh
Okawaru
Qazlal
Ru
Sif Muna
Trog
Uskayaw
Vehumet
Wu Jian
Xom
Yredelemnul
The Shining One

Shops:
D:4 :   D:5 =

Annotations:
D:8 3 runed translucent doors
D:9 exclusion: ice statue


Innate Abilities, Weirdness & Mutations

You can wield a second weapon in your off-hand.
It takes a long time for you to wield or remove held weapons.
Your first few attacks do less damage.
You cannot equip rings or amulets.


Message History

The sling bullet closely misses the dream sheep.
You shoot a sling bullet. The sling bullet hits the wyvern.
The wyvern is heavily wounded.
The wyvern bites you!
* * * LOW HITPOINT WARNING * * *
The wyvern barely misses you.
Fire: a) +2 sling {Ana}
Press: ? - help, Q - select action, (/) - cycle Shift-Dir - straight line, f/p - wyvern
Aim: a wyvern (heavily wounded, 70% to hit)
You shoot a sling bullet.
The sling bullet closely misses the wyvern.
The sling bullet hits the dream sheep.
The dream sheep is almost dead.
You shoot a sling bullet. The sling bullet hits the wyvern.
The wyvern is heavily wounded.
The wyvern misses you.
Unknown command.
Fire: a) +2 sling {Ana}
Press: ? - help, Q - select action, (/) - cycle Shift-Dir - straight line, f/p - wyvern
Aim: a wyvern (heavily wounded, 70% to hit)
You shoot a sling bullet. The sling bullet hits the wyvern.
The wyvern is severely wounded.
You shoot a sling bullet.
The sling bullet completely misses the wyvern.
The sling bullet closely misses the dream sheep.
The wyvern bites you!
* * * LOW HITPOINT WARNING * * *
Fire: a) +2 sling {Ana}
Press: ? - help, Q - select action, (/) - cycle Shift-Dir - straight line, f/p - wyvern
Aim: a wyvern (heavily wounded, 70% to hit)
You shoot a sling bullet.
The sling bullet closely misses the wyvern.
The sling bullet hits the dream sheep!
You kill the dream sheep!
Okawaru accepts your kill.
You shoot a sling bullet.
The sling bullet closely misses the wyvern.
The wyvern bites you!
You die...

#.. .. ##
####.##P# +##
#....... ....
#......# ####.....
#......# #@k......
#......###.##.....
#..........# ...
#......#P### .
#...<..###
#.........#
##.#......# .
#.##.### ## ..#


You could see a wyvern.

Vanquished Creatures
  A two-headed ogre (D:9)
  A deep elf pyromancer (D:9)
  2 hornets
  Grinder (D:3)
  5 dream sheep (Lair:1)
  Sigmund (D:2)
  A shadow (D:11)
  3 yaks (D:9)
  3 steam dragons
  2 wyverns (D:9)
  A vampire mosquito (D:6)
  A water moccasin (D:5)
  2 ice beasts
  2 orc warriors
  A black bear (D:6)
  An ogre (D:6)
  3 centaurs
  3 bullfrogs
  6 scorpions
  A gnoll sergeant (D:8)
  10 wights (D:8)
  7 killer bees
  2 howler monkeys
  A bombardier beetle (D:5)
  3 hounds
  An orc priest (D:9)
  A jelly (D:5)
  A gnoll bouda (D:5)
  Crazy Yiuf (D:5)
  Jessica (D:3)
  6 orc wizards
  Ijyb (D:3)
  Natasha (thrice) (D:3)
  4 iguanas
  A sleepcap (D:5)
  6 gnolls
  8 adders
  3 shadow imps
  A white imp (D:6)
  2 ufetubi (D:6)
  3 dart slugs
  A ribbon worm (D:3)
  26 orcs
  3 ball pythons
  5 bats
  9 endoplasms
  5 giant cockroaches
  2 goblins
  7 hobgoblins
  10 jackals
  6 quokkas
  A frilled lizard (D:1)
  5 kobolds
  13 rats
200 creatures vanquished.

Notes
Turn   | Place    | Note
-------+----------+-------------------------------------------
     0 | D:1      | Biggs the Coglin Hunter began the quest for the Orb.
     0 | D:1      | Reached XP level 1. HP: 16/16 MP: 1/1
    38 | D:1      | Reached skill level 4 in Ranged Weapons
    38 | D:1      | Reached XP level 2. HP: 22/22 MP: 2/2
   291 | D:1      | Reached XP level 3. HP: 27/27 MP: 3/3
   616 | D:2      | Noticed Sigmund
   624 | D:2      | Reached skill level 5 in Ranged Weapons
   624 | D:2      | Reached XP level 4. HP: 27/33 MP: 4/4
   628 | D:2      | Killed Sigmund
   629 | D:2      | Reached skill level 6 in Ranged Weapons
   629 | D:2      | Reached XP level 5. HP: 33/38 MP: 5/5
   733 | D:2      | Reached XP level 6. HP: 44/44 MP: 6/6
  1196 | D:3      | Noticed Ijyb
  1211 | D:3      | Killed Ijyb
  1381 | D:3      | Noticed Natasha
  1386 | D:3      | Killed Natasha
  1476 | D:3      | Noticed Jessica
  1480 | D:3      | Killed Jessica
  1481 | D:3      | Reached skill level 1 in Evocations
  1579 | D:3      | Found a blossoming altar of Fedhas.
  1638 | D:3      | Noticed Grinder
  1644 | D:3      | Paralysed by Grinder for 4 turns
  1655 | D:3      | Killed Grinder
  1656 | D:3      | Reached XP level 7. HP: 9/50 MP: 7/7
  1848 | D:3      | Noticed Natasha
  1853 | D:3      | Killed Natasha
  1854 | D:3      | Reached skill level 5 in Evocations
  1875 | D:3      | Noticed Natasha
  1878 | D:3      | Killed Natasha
  2424 | D:4      | Found Migem's Self-Published Books.
  2989 | D:5      | Entered Level 5 of the Dungeon
  3062 | D:5      | Reached XP level 8. HP: 58/58 MP: 8/8
  3152 | D:5      | Found Icosoed's Jewellery Shop.
  3451 | D:4      | Reached skill level 5 in Fighting
  3451 | D:4      | Reached skill level 7 in Ranged Weapons
  3777 | D:5      | Found a runed translucent door.
  3778 | D:5      | Noticed Crazy Yiuf
  3788 | D:5      | Killed Crazy Yiuf
  4006 | D:6      | Reached skill level 8 in Ranged Weapons
  4209 | D:6      | Reached XP level 9. HP: 40/68 MP: 9/9
  4416 | D:6      | Reached skill level 9 in Ranged Weapons
  4464 | D:6      | Found a glowing golden altar of the Shining One.
  5112 | D:7      | Identified the +2 hand axe "Hap Muof" {heavy, rN+++ Str+5
                  | Int-5}
  5254 | D:7      | Reached skill level 10 in Ranged Weapons
  5697 | D:7      | Noticed a hornet
  5713 | D:7      | Killed a hornet
  5823 | D:7      | Found a staircase to the Ecumenical Temple.
  5841 | Temple   | Entered the Ecumenical Temple
  5862 | Temple   | Became a worshipper of Warmaster Okawaru
  6220 | D:8      | Noticed a hornet
  6231 | D:8      | Killed a hornet
  6591 | D:8      | Reached XP level 10. HP: 12/74 MP: 10/10
  7234 | D:8      | Found a runed translucent gate.
  7235 | D:8      | Found a runed translucent gate.
  7235 | D:8      | Found a runed translucent gate.
  7236 | D:8      | Noticed a white ugly thing
  7236 | D:8      | Noticed a white ugly thing
  7239 | D:8      | Noticed a purple ugly thing
  7270 | D:8      | Reached skill level 11 in Ranged Weapons
  7414 | D:8      | Found a staircase to the Lair.
  7634 | D:8      | Reached * piety under Okawaru
  7715 | D:8      | Found a bloodstained altar of Trog.
  8075 | D:9      | Noticed a two-headed ogre
  8322 | D:9      | You fall into a shaft and drop 2 floors!
  8431 | D:10     | Entered Level 10 of the Dungeon
  8443 | D:10     | Found a snail-covered altar of Cheibriados.
  8482 | D:9      | Reached skill level 5 in Dodging
  8514 | D:9      | Killed a two-headed ogre
  8787 | D:9      | Reached skill level 12 in Ranged Weapons
  8787 | D:9      | Reached ** piety under Okawaru
  9003 | D:9      | Found a shimmering altar of Xom.
  9089 | D:9      | Noticed a deep elf pyromancer
  9099 | D:9      | Killed a deep elf pyromancer
  9120 | D:9      | Noticed an ice statue
  9180 | Lair:1   | Entered Level 1 of the Lair of Beasts
  9202 | Lair:1   | Reached XP level 11. HP: 41/79 MP: 11/11
  9209 | Lair:1   | Reached skill level 13 in Ranged Weapons
  9215 | Lair:1   | HP: 2/79 [wyvern (12)]
  9216 | Lair:1   | Mangled by a wyvern

Illustrated notes

Levels and vault maps discovered:
D:1:      onia_arrival_handbag, layout_rooms, minivault_19,
          minmay_stone_trees_small
D:2:      layout_rooms, uniq_sigmund
D:3:      layout_basic, amcnicky_altar_gilded, uniq_jessica, uniq_natasha,
          uniq_ijyb, uniq_grinder
D:4:      layout_cave_pods, nicolae_custom_books
D:5:      layout_rooms, serial_shops, nicolae_shop_hallway_plus,
          uniq_crazy_yiuf_cottage
D:6:      layout_loops_cross, lemuel_doored_altar, minmay_manual_maat
D:7:      layout_basic, minmay_temple_entry_water_ring, serial_rivers,
          chequers_serial_rivers_room_b, chequers_serial_rivers_room_a,
          chequers_serial_rivers_micro_e, chequers_serial_rivers_micro_b,
          chequers_serial_rivers_large_a, chequers_serial_rivers_micro_e
D:8:      layout_gridville, mainiacjoe_overflow_catwalk, lair_entry_dummy,
          ploomutoo_gammafunk_ghost_potion_laboratory, eino_tiny_chamber
D:9:      cheibrodos_frozen_isle, layout_basic, lemuel_tele_altar
D:10:     layout_gridville, mainiacjoe_overflow_alcove_1,
          lemuel_coloured_pillars_altar, serial_shops, nicolae_shop_stone
D:11:     layout_loops_ring, serial_co_window_serial,
          co_window_of_opportunity_a, co_window_corner_a, co_window_corner_a,
          co_window_corner_a, co_window_of_opportunity_a,
          co_window_of_opportunity_a, co_window_corner_ca, co_window_2corner,
          co_window_2corner, co_window_2corner, co_window_unsneaky_path_d,
          co_window_corner_b, glass_columns_a, glass_columns_c, serial_shops,
          nicolae_shop_tiny_glass
Temple:   nicolae_temple_elliptical
Lair:1:   layout_roguey, grunt_megastairs_1, uniq_fannar, uniq_urug

Skill      XL: |  1  2  3  4  5  6  7  8  9 10 11 |
---------------+----------------------------------+-----
Ranged Weapons | 4 5 6 8 10 12 13 | 13.0
Evocations     | 4 5 7 8 |  8.0
Dodging        | 3 5 |  5.5
Fighting       | 3 5 |  5.0
Stealth        | |  0.7

Action                     |  1- 3 |  4- 6 |  7- 9 | 10-12 || total
---------------------------+-------+-------+-------+-------++-------
   Fire: Sling             |   144 |   194 |   724 |   446 ||  1508
  Evoke: Wand              |       |     3 |     5 |     3 ||    11
    Use: Scroll            |       |       |     6 |     2 ||     8
         Potion            |       |       |     5 |       ||     5
 Armour: Leather armour    |     9 |    21 |   107 |       ||   137
         Steam dragon scal |       |       |    48 |    99 ||   147
  Dodge: Dodged            |    12 |    16 |   167 |    81 ||   276

Table legend: (Time is in decaauts)
 A = Elapsed time spent in this place.
 B = Non-inter-level travel time spent in this place.
 C = Inter-level travel time spent in this place.
 D = Time resting spent in this place.
 E = Time spent auto-exploring this place.
 F = Levels seen in this place.
 G = Mean time per level.
                   A        B        C        D        E       F      G
               +--------+--------+--------+--------+--------+-----+--------+
         Total |   9256 |   8859 |    397 |    422 |   7079 |  13 |  712.0 |
       Dungeon |   9183 |   8826 |    357 |    422 |   7073 |  11 |  834.8 |
        Temple |     42 |      2 |     40 |      0 |      0 |   1 |   42.0 |
          Lair |     30 |     30 |      0 |      0 |      6 |   1 |   30.0 |
               +--------+--------+--------+--------+--------+-----+--------+

Top non-repeatable levels by time:
     D:8: 1931 daAuts
     D:3: 1283 daAuts
     D:6: 1225 daAuts
     D:7: 1036 daAuts
     D:4: 945 daAuts
     D:9: 872 daAuts
     D:5: 813 daAuts
     D:1: 478 daAuts
     D:2: 459 daAuts
    D:11: 107 daAuts
  Temple: 42 daAuts
  Lair:1: 30 daAuts
    D:10: 27 daAuts
